 Dungeon Crawl Stone Soup version 0.27.0-1-g7a089689b8 (webtiles) character file.

Game seed: 4673089943253640761

47 robertstho the Magician (level 3, -6/26 HPs)
             Began as a Djinni Fire Elementalist on Aug 16, 2021.
             Killed from afar by an orc wizard (7 damage)
             ... with a magic dart
             ... on level 3 of the Dungeon.
             The game lasted 00:02:34 (2817 turns).

robertstho the Magician (Djinni Fire Elementalist)  Turns: 2817, Time: 00:02:34

Health: -6/26      AC:  3    Str:  7    XL:     3   Next: 97%
Gold:   42         EV:  9    Int: 17    God:
                   SH:  8    Dex: 13

rFire    + + .     SeeInvis .   i - +0 long sword
rCold    x . .     Faith    .   j - +2 kite shield
rNeg     . . .     Spirit   .   a - +0 robe
rPois    ∞         Reflect  .   (no helmet)
rElec    .         Harm     .   (no cloak)
rCorr    .         Rampage  .   c - +0 pair of gloves
Will     .....                  (boots unavailable)
Stlth    ++........             (no amulet)
HPRegen  0.08/turn              (no ring)
MPRegen  0.00/turn              (no ring)

@: flying
A: sickness immunity, fire resistance 2, cold vulnerability 1, float, innate
caster, hp casting, extra vitality 1
a: no special abilities


You were on level 3 of the Dungeon.
You visited 1 branch of the dungeon, and saw 3 of its levels.

You collected 42 gold pieces.

Inventory:

Hand Weapons
 b - a +0 mace
 g - a +0 dagger
 i - a +0 long sword (weapon)
Armour
 a - a +0 robe (worn)
 c - a +0 pair of gloves (worn)
 j - a +2 kite shield (worn)
Scrolls
 h - 2 scrolls of identify {unknown}
 k - a scroll of silence {unknown}
Potions
 d - a potion of heal wounds {unknown}
 e - 2 potions of cancellation {unknown}
 f - a potion of degeneration {unknown}


   Skills:
 * Level 0.4 Fighting
 + Level 0.1 Maces & Flails
 + Level 2.2 Dodging
 + Level 1.7 Stealth
 * Level 3.4 Spellcasting


You couldn't memorise any spells.
You knew the following spells:

 Your Spells              Type           Power      Damage    Failure   Level
a - Foxfire               Conj/Fire      56%        2x1d6     28%         1
b - Conjure Flame         Conj/Fire      14%        6-21      65%         3
c - Inner Flame           Hex/Fire       14%        N/A       65%         3
d - Sticky Flame          Conj/Fire      14%        2d4       96%         4
e - Fireball              Conj/Fire      7%         3d5       100%        5
f - Corona                Hex            15%        N/A       28%         1
Your spell library was empty.

Dungeon Overview and Level Annotations

Branches:
Dungeon (3/15)

Altars:


Innate Abilities, Weirdness & Mutations

You are immune to sickness and miasma.
You are immune to poison.
Your flesh is very heat resistant. (rF++)
You are vulnerable to cold. (rC-)
You float through the air rather than walking.
You learn spells naturally, not from books.
Your magical power is your life essence.
You have superior vitality. (+4 HP)


Message History

An orc and an orc wizard come into view.
The orc wizard is wielding a +2 dagger of draining.
The orc is wielding a +0 hand axe of flaming.
There are monsters nearby!
There are monsters nearby!
Casting: Foxfire (safe; 28% risk of failure)
Press: ? - help, Q - select action, (/) - cycle Dir - look around, f - activate You conjure some foxfire!
The orc shouts!
The orc wizard gestures wildly while chanting.
The orc wizard flickers and vanishes!
Deactivating autopickup; reactivate with Ctrl-A.
Casting: Foxfire (safe; 28% risk of failure)
Press: ? - help, Q - select action, (/) - cycle Dir - look around, f - activate You conjure some foxfire!
The foxfire hits something but does no damage.
Unknown command.
Casting: Foxfire (safe; 28% risk of failure)
Press: ? - help, Q - select action, (/) - cycle Dir - look around, f - activate You conjure some foxfire!
An orc comes into view. It is wielding a +0 flail.
The foxfire hits something.
Unknown command.
The foxfire hits something but does no damage.
Your foxfire dissipates!
Casting: Foxfire (safe; 28% risk of failure)
Press: ? - help, Q - select action, (/) - cycle Dir - look around, f - activate You conjure some foxfire!
The foxfire hits something.
Unknown command.
Casting: Foxfire (safe; 28% risk of failure)
Press: ? - help, Q - select action, (/) - cycle Dir - look around, f - activate Nothing appears to happen.
Something hits you. The orc hits you with a +0 flail! Something hits you.
The orc hits you with a +0 flail!
* * * LOW HITPOINT WARNING * * *
Unknown command.
Your foxfire dissipates!
A magic dart appears from out of thin air!
The magic dart hits you!
You die...

.
#.##########
#..........#
##########.#
#.# #.# #.#
#.# #.# #@#
#.# #..oo{#
#.#####


You could see an orc.

Vanquished Creatures
  An adder (D:3)
  A worm (D:2)
  A dart slug (D:2)
  3 bats (D:1)
  5 endoplasms
  3 goblins
  A hobgoblin (D:1)
  4 jackals (D:2)
  3 quokkas (D:1)
  5 frilled lizards
  3 kobolds
  2 rats
32 creatures vanquished.

Vanquished Creatures (others)
  114 foxfires
114 creatures vanquished.

Grand Total: 146 creatures vanquished

Notes
Turn   | Place    | Note
-------+----------+-------------------------------------------
     0 | D:1      | robertstho the Djinni Fire Elementalist began the quest for
                  | the Orb.
     0 | D:1      | Reached XP level 1. HP: 15/15 MP: 0/0
   176 | D:1      | Found a faded altar of an unknown god.
   586 | D:1      | Reached XP level 2. HP: 15/21 MP: 0/0
  1651 | D:2      | Reached skill level 3 in Spellcasting
  1651 | D:2      | Reached XP level 3. HP: 23/25 MP: 0/0
  1651 | D:2      | Learned a level 1 spell: Corona
  2816 | D:3      | HP: 1/26 [orc (9)]
  2817 | D:3      | Killed from afar by an orc wizard

Illustrated notes

Levels and vault maps discovered:
D:1:      dpeg_arrival_erosion, layout_rooms,
          hellmonk_ecumenical_altar_pennies_from_heaven, minmay_tromino_v4_b
D:2:      layout_basic
D:3:      layout_loops_ring

Skill      XL: |  1  2 |
---------------+-------+-----
Spellcasting   | 3 |  3.4
Fighting       | |  0.4
Maces & Flails | |  0.1
Dodging        | |  2.2
Stealth        | |  1.7

Action                   || total
-------------------------++-------
Melee: Mace              ||     6
       Dagger            ||    10
       Long sword        ||     7
 Cast: Foxfire           ||    70
  Use: Scroll            ||     1
 Stab: Sleeping          ||     2
Armor: Robe              ||     6
Dodge: Dodged            ||    28
       Rpst.: Long sword ||     1
